 Dungeon Crawl Stone Soup version 0.22-a0-109-gbeb7240 (console) character file.

88 toffzen the Sneak (level 4, 0/21 HPs)
             Began as a Spriggan Enchanter on Jan 26, 2018.
             Killed from afar by an orc wizard (5 damage)
             ... with a puff of flame
             ... on level 3 of the Dungeon.
             The game lasted 00:10:02 (3205 turns).

toffzen the Sneak (Spriggan Enchanter)              Turns: 3205, Time: 00:10:03

Health: 0/21       AC:  2    Str:  4    XL:     4   Next: 30%
Magic:  0/10       EV: 18    Int: 17    God:
Gold:   50         SH:  0    Dex: 16    Spells: 4/10 levels left

rFire    . . .     SeeInvis +   a - +1 dagger
rCold    . . .     Gourm    .   (shield restricted)
rNeg     . . .     Faith    .   b - +0 robe
rPois    .         Spirit   +   (helmet restricted)
rElec    .         Reflect  .   j - scarf {Spirit}
rCorr    .         Harm     .   (gloves unavailable)
MR       .....                  (boots unavailable)
Stlth    +++.......             (no amulet)
HPRegen  0.07/turn              (no ring)
MPRegen  0.12/turn              (no ring)

@: very slightly contaminated, very quick
A: very small, unfitting armour, see invisible, herbivore, speed 3, slow
metabolism 2
a: no special abilities


You were on level 3 of the Dungeon.
You were not hungry.

You visited 1 branch of the dungeon, and saw 3 of its levels.

You collected 50 gold pieces.

Inventory:

Hand Weapons
 a - a +1 dagger (weapon)
Missiles
 h - 42 stones (quivered)
 l - 5 poisoned needles
Armour
 b - a +0 robe (worn)
 j - a scarf of spirit shield (worn)
Wands
 e - a wand of iceblast (11)
 k - a wand of disintegration (13)
Scrolls
 f - a scroll of random uselessness {unknown}
 i - a scroll of teleportation {unknown}
 m - 2 scrolls of remove curse {unknown}
Potions
 g - a potion of magic {unknown}
Books
 c - a book of Maledictions

   Spells                             Type                      Level
   a - Corona                         Hexes                        1
   b - Ensorcelled Hibernation        Hexes/Ice                    2
   c - Confuse                        Hexes                        3
   d - Tukima's Dance                 Hexes                        3
   e - Dazzling Spray                 Conjuration/Hexes            3
Comestibles
 d - 3 rations


   Skills:
 - Level 1.1 Short Blades
 - Level 3.0 Dodging
 + Level 5.9 Stealth
 - Level 3.9 Spellcasting
 + Level 4.6 Hexes


You had 4 spell levels left.
You knew the following spells:

 Your Spells              Type           Power        Failure   Level  Hunger
a - Corona                Hex            ###....      2%          1    None
b - Ensorcelled Hibernat  Hex/Ice        ##....       10%         2    ##.....
c - Confuse               Hex            ###.....     7%          3    ###....


Dungeon Overview and Level Annotations

Branches:
Dungeon (3/15)

Altars:


Innate Abilities, Weirdness & Mutations

You are very small and have problems with some larger weapons.
You are too small for most types of armour.
You have supernaturally acute eyesight. (SInv)
You are a herbivore.
You cover ground extremely quickly.
You need consume almost no food.


Message History

The orc wizard is heavily wounded.
You hit the orc wizard but do no damage.
The orc wizard is heavily wounded.
The orc wizard seems less confused.
The orc wizard casts a spell at you. The puff of frost hits you!
Casting: Confuse (safe; 7% risk of failure)
Confirm with . or Enter, or press ? or * to list all spells.
Aiming: Ensorcelled Hibernation (safe; 10% risk of failure)
Press: ? - help, Shift-Dir - straight line, f/p - orc wizard
Aim: an orc wizard, wielding a dagger and wearing a robe (heavily wounded, chance to defeat MR: 42%)
You miscast Ensorcelled Hibernation.
You are very lightly contaminated with residual magic.
Your skin glows momentarily.
The orc wizard hits you with a dagger.
* * * LOW HITPOINT WARNING * * *
You barely miss the orc wizard.
The orc wizard is heavily wounded.
The orc wizard gestures at you while chanting.
The puff of flame hits you!
You die...

#.####################..#.......#
#......................###....#.#
.###############..####..#........
.# #####..####....##..... .#
#..................... .#
#.#######............. .# #.#
#.#######..... .#
#.#######....#....#.## .##
#...o@....##.#.####.## #.##
#.#######.##.#.# #.#. ##.#
#######.# #.##...# ##.#. #.##
#.......# #.###.####.... .##
#.#####)# #..........#.. ######.#
#.# ##########.... #†.....#
#.#######...........#. ..######
#.........###########. ###
########### #.


You could see an orc wizard.

Vanquished Creatures
  Terence (D:3)
  2 adders (D:3)
  A worm (D:3)
  A dart slug (D:3)
  6 orcs (D:3)
  2 bats (D:3)
  2 giant cockroaches
  4 goblins
  4 jackals
  7 kobolds
  2 frilled lizards
  A rat (D:3)
33 creatures vanquished.

Notes
Turn   | Place    | Note
-------+----------+-------------------------------------------
     0 | D:1      | toffzen the Spriggan Enchanter began the quest for the Orb.
     0 | D:1      | Reached XP level 1. HP: 9/9 MP: 5/5
   317 | D:1      | You fall through a shaft!
   366 | D:3      | Reached XP level 2. HP: 4/13 MP: 5/7
   534 | D:3      | Learned a level 2 spell: Ensorcelled Hibernation
   707 | D:3      | Noticed Terence
   716 | D:3      | Killed Terence
   716 | D:3      | Reached skill level 5 in Stealth
   716 | D:3      | Reached XP level 3. HP: 16/16 MP: 3/8
  1522 | D:3      | Reached XP level 4. HP: 21/21 MP: 5/10
  1644 | D:3      | Learned a level 3 spell: Confuse
  3205 | D:3      | Killed from afar by an orc wizard

Vault maps used:
D:1:      dpeg_arrival_another_circle, serial_forest,
          infiniplex_forest_corner_1, infiniplex_forest_zigzag_2,
          infiniplex_forest_lined_room_2, infiniplex_forest_clump_medium,
          infiniplex_forest_end_3, infiniplex_forest_lined_3,
          infiniplex_forest_lined_4_way, infiniplex_forest_zigzag_1
D:2:      first_ration, minmay_nonomino_d4
D:3:      minmay_misc_feat_chi, uniq_terence

Skill      XL: |  1  2 |
---------------+-------+-----
Spellcasting   | 3 |  3.9
Stealth        | 5 |  5.9
Hexes          | 4 |  4.6
Short Blades   | |  1.1
Dodging        | |  3.0

Action                   |  1- 3 |  4- 6 || total
-------------------------+-------+-------++-------
Melee: Dagger            |    53 |    28 ||    81
Throw: Stone             |       |     2 ||     2
 Cast: Corona            |    10 |       ||    10
       Ensorcelled Hiber |    23 |    16 ||    39
       Confuse           |       |     1 ||     1
 Stab: Sleeping          |    16 |     8 ||    24
  Eat: Ration            |       |     1 ||     1
Armor: Robe              |     1 |     5 ||     6
Dodge: Dodged            |    30 |    17 ||    47

Table legend:
 A = Spawn XP
 B = Non-spawn XP
 C = Spawn XP percentage of total XP
 D = Spawn monster count
 E = Non-spawn monster count
 F = Spawn count percentage of total count
 G = Total turns spent on level
                    A         B        C        D         E        F      G
               +---------+---------+-------+---------+---------+-------+---------
         Total |       0 |     127 |   0.0 |       0 |      33 |   0.0 |  3205
               +---------+---------+-------+---------+---------+-------+---------
           D:1 |       0 |      11 |   0.0 |       0 |       6 |   0.0 |   317
           D:2 |       0 |       6 |   0.0 |       0 |       3 |   0.0 |    97
           D:3 |       0 |     110 |   0.0 |       0 |      24 |   0.0 |  2791
               +---------+---------+-------+---------+---------+-------+---------
